 Dungeon Crawl Stone Soup version 0.30-a0-760-g5a9884bb7c (webtiles) character file.

Game seed: 3194667274865292973

9995 Drevant2 the Impaler (level 11, -2/77 HPs)
             Began as a Merfolk Wanderer on Feb 11, 2023.
             Was an Elder of Okawaru.
             Killed from afar by an acid dragon (31 damage)
             ... with a splash of acid
             ... on level 10 of the Dungeon.
             The game lasted 00:33:12 (12823 turns).

Drevant2 the Impaler (Merfolk Wanderer)            Turns: 12823, Time: 00:33:12

Health: -2/77      AC:  7    Str: 14    XL:     11   Next: 55%
Magic:  15/15      EV: 16    Int:  8    God:    Okawaru [****..]
Gold:   413        SH:  0    Dex: 20    Spells: 10/10 levels left

rFire   . . .      SeeInvis +    l - +2 trident
rCold   + + .      Faith    .    (no shield)
rNeg    . . .      Spirit   .    A - +0 ring mail of Lust {rC++ Will+}
rPois   .          Reflect  .    (no helmet)
rElec   .          Harm     .    D - scarf {+Inv}
rCorr   .          Rampage  .    C - +0 pair of gloves
Will    ++...                    d - +0 pair of boots
Stlth   ++++                     (no amulet)
HPRegen 0.32/turn                g - ring of willpower
MPRegen 0.14/turn                o - ring of see invisible

@: no status effects
A: (nimble swimmer 2), mertail
a: Renounce Religion, Evoke Invisibility, Heroism, Finesse


You were on level 10 of the Dungeon.
You worshipped Okawaru.
Okawaru was greatly pleased with you.
You visited 1 branch of the dungeon, and saw 10 of its levels.

You collected 413 gold pieces.

Inventory:

Hand Weapons
 a - a +2 dagger
 c - a +0 sling
 l - a +2 trident (weapon)
Missiles
 b - 2 curare-tipped darts
 i - 8 poisoned darts (quivered)
 t - 6 boomerangs
 z - 2 throwing nets
 B - a silver boomerang
Armour
 d - a +0 pair of boots (worn)
 f - a +0 leather armour
 x - a +1 cloak
 y - a +0 buckler
 A - the +0 ring mail of Lust (worn) {rC++ Will+}
   (You found it on level 7 of the Dungeon)

   rC:        It greatly protects you from cold.
   Will:      It increases your willpower.
 C - a +0 pair of gloves (worn)
 D - a scarf of invisibility (worn)
Jewellery
 g - a ring of willpower (left hand)
 o - a ring of see invisible (right hand)
 r - a ring of wizardry
Wands
 q - a wand of flame (8)
Scrolls
 h - 4 scrolls of magic mapping
 m - 2 scrolls of teleportation
 w - a scroll of amnesia
Potions
 e - 2 potions of mutation
 j - a potion of degeneration {unknown}
 k - a potion of flight {unknown}
 n - a potion of attraction
 p - a potion of brilliance
 s - 2 potions of lignification


   Skills:
 - Level 4.1 Fighting
 * Level 16.0 Polearms
 - Level 3.2 Ranged Weapons
 - Level 2.0 Throwing
 - Level 9.1 Dodging
 - Level 10.2 Stealth
 - Level 6.3 Invocations


You had 10 spell levels left.
You didn't know any spells.
Your spell library contained the following spells:

 Spells                   Type           Power      Damage    Failure   Level
 Apportation              Tloc           0%         N/A       65%         1
 Necrotise                Necr           0%         1d4       65%         1
 Sting                    Tmut/Pois      0%         1d3       65%         1
 Lesser Beckoning         Tloc           0%         N/A       80%         2
 Poisonous Vapours        Pois/Air       0%         N/A       80%         2
 Gell's Gravitas          Tloc           0%         N/A       95%         3
 Teleport Other           Tloc           0%         N/A       95%         3
 Leda's Liquefaction      Hex/Erth       0%         N/A       100%        4
 Olgreb's Toxic Radiance  Pois           0%         N/A       100%        4
 Petrify                  Tmut/Erth      0%         N/A       100%        4
 Alistair's Intoxication  Tmut/Pois      0%         N/A       100%        5
 Lee's Rapid Deconstruct  Erth           0%         3d4*      100%        5
 Orb of Destruction       Conj           0%         9d5       100%        7
 Summon Small Mammal      Summ           Unusable   N/A       N/A         1
 Summon Guardian Golem    Hex/Summ       Unusable   N/A       N/A         3
 Spellforged Servitor     Conj/Summ      Unusable   N/A       N/A         7

Dungeon Overview and Level Annotations

Branches:
Dungeon (10/15)            Temple (0/1) D:5
   Lair: D:8-11         Orc: D:9-12

Altars:
Ashenzari
Cheibriados
Dithmenos
Gozag
Kikubaaqudgha
Nemelex Xobeh
Okawaru
Ru
Trog
Uskayaw
Vehumet
Xom
Yredelemnul

Shops:
D:3 [   D:4 *   D:6 *

Annotations:
D:4 Dowan, Duvessa
D:8 Gastronok
D:9 exclusion: statue


Innate Abilities, Weirdness & Mutations

((You are very nimble when in or above water. (Stealth+, EV+, Speed+++)))
Your lower body shifts to a powerful aquatic tail in water.


Message History

You feel more experienced!
Your Polearms skill gained 6 levels and is now at level 16!
You have reached level 11!
You feel sick. The hound barely misses you. The hound bites you.
* * * LOW HITPOINT WARNING * * *
Okay, then.
As you read the scroll of fog, it crumbles to dust.
The scroll dissolves into smoke.
You feel sick.
You are no longer poisoned.
The hound closely misses you.
You hit the hound but do no damage. The hound closely misses you.
You puncture the hound!
The hound is severely wounded.
The hound completely misses you.
You closely miss the hound.
The hound is severely wounded.
The hound barely misses you.
You closely miss the hound.
The hound is severely wounded.
The hound closely misses you.
You barely miss the hound.
The hound is severely wounded.
The hound bites you.
* * * LOW HITPOINT WARNING * * *
You miss the hound.
The hound is heavily wounded.
You hit the hound.
The hound is severely wounded.
The hound misses you.
You hit the hound.
The hound is almost dead.
The hound completely misses you.
You hit the hound.
You kill the hound!
Okawaru accepts your kill.
You hit the acid dragon but do no damage.
You barely miss the acid dragon. The acid dragon spits acid at you.
The splash of acid hits you!!
You die...

########## ######§.......#
#.§§@D§§D.....#
#.§§###....)..# ###.§##
##....... ##...## .......
######....# .......
#.....#...## .......
####.####..†..# .......
##..............# .......
....#''#...................


You could see an acid dragon (catching breath).

Vanquished Creatures
  A wyvern (D:9)
  5 yaks
  A steam dragon (D:7)
  2 water moccasins
  2 orc warriors
  An ice beast (D:6)
  2 ogres
  2 phantoms
  A kobold brigand (D:8)
  5 gnoll sergeants
  5 bullfrogs
  2 scorpions
  A necrophage (D:4)
  A water moccasin skeleton (D:4)
  8 wights
  7 killer bees
  11 howler monkeys
  A centaur zombie (D:4)
  An orc priest (D:9)
  A jelly (D:6)
  A centaur skeleton (D:4)
  12 hounds
  A gnoll bouda (D:9)
  2 iguanas (D:5)
  10 orc wizards
  2 hound zombies (D:4)
  A howler monkey zombie (D:4)
  16 gnolls
  4 adders
  3 white imps
  2 ufetubi (D:5)
  2 adder zombies (D:4)
  An adder skeleton (D:4)
  A dart slug (D:1)
  23 orcs
  5 ball pythons
  10 endoplasms
  4 giant cockroaches (D:1)
  5 goblins
  2 hobgoblins (D:2)
  4 jackals (D:3)
  6 kobolds
  3 quokkas
  3 bats
  4 frilled lizards
  A quokka skeleton (D:4)
  A quokka zombie (D:4)
  9 rats
198 creatures vanquished.

Vanquished Creatures (others)
  2 withered plants (D:4)
2 creatures vanquished.

Grand Total: 200 creatures vanquished

Notes
Turn   | Place    | Note
-------+----------+-------------------------------------------
     0 | D:1      | Drevant2 the Merfolk Wanderer began the quest for the Orb.
     0 | D:1      | Drevant2 set off with the following items: a +2 dagger, 4
                  | curare-tipped darts, a +0 sling, a +0 pair of boots, a
                  | potion of mutation, a +0 leather armour.
     0 | D:1      | Reached XP level 1. HP: 16/16 MP: 1/1
   139 | D:1      | Reached XP level 2. HP: 23/23 MP: 2/2
   560 | D:1      | Reached XP level 3. HP: 27/30 MP: 3/3
  1106 | D:2      | You fall into a shaft and drop 2 floors!
  1195 | D:4      | Reached XP level 4. HP: 9/37 MP: 4/4
  1419 | D:4      | Noticed a necrophage
  1455 | D:3      | Found a shadowy altar of Dithmenos.
  1472 | D:3      | Reached skill level 1 in Polearms
  1492 | D:3      | Found a basalt altar of Yredelemnul.
  1502 | D:3      | Found a shimmering altar of Xom.
  1508 | D:3      | Found a broken altar of Ashenzari.
  1511 | D:3      | Found a bloodstained altar of Trog.
  1513 | D:3      | Found a hide-covered altar of Uskayaw.
  1518 | D:3      | Found an ancient bone altar of Kikubaaqudgha.
  1677 | D:3      | Found an iron altar of Okawaru.
  1677 | D:3      | Found an opulent altar of Gozag.
  1685 | D:3      | Found a faded altar of an unknown god.
  1690 | D:3      | Became a worshipper of Warmaster Okawaru
  1694 | D:3      | Found a snail-covered altar of Cheibriados.
  1706 | D:3      | Found a sparkling altar of Nemelex Xobeh.
  1888 | D:3      | Reached skill level 2 in Polearms
  2083 | D:3      | Found a sacrificial altar of Ru.
  2259 | D:3      | Found Noxullago's Armour Shop.
  2809 | D:2      | Reached XP level 5. HP: 42/42 MP: 5/5
  3355 | D:4      | Reached skill level 3 in Polearms
  3441 | D:4      | Noticed Duvessa
  3441 | D:4      | Noticed Dowan
  3504 | D:4      | Reached skill level 4 in Polearms
  3581 | D:4      | Found Zifya's Assorted Antiques.
  3632 | D:4      | Reached skill level 5 in Polearms
  3632 | D:4      | Reached XP level 6. HP: 45/48 MP: 6/6
  3822 | D:4      | Reached skill level 6 in Polearms
  3882 | D:4      | Reached * piety under Okawaru
  4260 | D:5      | Entered Level 5 of the Dungeon
  4350 | D:5      | Reached skill level 7 in Polearms
  4671 | D:5      | Reached XP level 7. HP: 54/54 MP: 7/7
  4782 | D:5      | Reached skill level 8 in Polearms
  4845 | D:5      | Reached ** piety under Okawaru
  5069 | D:5      | Reached skill level 5 in Dodging
  5097 | D:5      | Found a staircase to the Ecumenical Temple.
  5140 | D:5      | Reached XP level 8. HP: 39/60 MP: 8/8
  5342 | D:5      | Noticed a yak
  5342 | D:5      | Noticed a wraith
  5919 | D:6      | HP: 3/60 [water moccasin (3)]
  5924 | D:6      | Reached *** piety under Okawaru
  6230 | D:6      | Found Rongoa's Retail Resort.
  6415 | D:7      | Identified the +0 ring mail of Lust {rC++ Will+}
  6540 | D:7      | Reached XP level 9. HP: 7/65 MP: 10/12
  6783 | D:7      | Reached skill level 5 in Invocations
  7291 | D:7      | Reached skill level 9 in Polearms
  7570 | D:7      | Got the Anthology of Stones
  8046 | D:8      | Reached skill level 10 in Polearms
  8505 | D:8      | Reached **** piety under Okawaru
  8711 | D:9      | Noticed a hornet
  8726 | D:9      | Received a gift from Okawaru
  8727 | D:9      | Reached skill level 5 in Stealth
  9671 | D:7      | Reached XP level 10. HP: 35/71 MP: 14/14
 10217 | D:8      | Noticed Gastronok
 11217 | D:9      | Noticed a two-headed ogre
 11365 | D:9      | Found a radiant altar of Vehumet.
 11389 | D:10     | Entered Level 10 of the Dungeon
 11547 | D:9      | Noticed a manticore
 11547 | D:9      | Noticed a centaur warrior
 11919 | D:10     | Reached skill level 10 in Stealth
 12811 | D:10     | Reached skill level 16 in Polearms
 12811 | D:10     | Reached XP level 11. HP: 38/77 MP: 15/15
 12823 | D:10     | Killed from afar by an acid dragon

Illustrated notes

Levels and vault maps discovered:
D:1:      sevenhm_arrival_forest_fort_large_3, layout_basic
D:2:      layout_basic
D:3:      layout_basic, nicolae_overflow_hallway_of_the_gods,
          mainiacjoe_overflow_boulevard, chequers_temple_overflow_minitemple,
          nicolae_ru_path_of_blood, serial_shops, shop
D:4:      layout_basic, serial_shops, nicolae_shop_waterfront, serial_undead,
          serial_undead_f, serial_undead_d, serial_undead_f, serial_undead_e,
          hangedman_abyss_or_decor_stagger, uniq_duvessa
D:5:      kennysheep_big_flooded_room, layout_basic,
          nicolae_qazlal_scattered_showers, minmay_temple_entry_offerings,
          serial_shops, kennysheep_mini_moat, minmay_misc_feat_tower
D:6:      cheibrodos_quashed, layout_rooms, nicolae_alphabet_shops
D:7:      layout_basic
D:8:      layout_loops_cross, reono_crystal_passage, uniq_gastronok
D:9:      minmay_curly_fans, layout_basic, vehumet_statue, st_stairs_10
D:10:     layout_big_octagon, amcnicky_altar_gilded, zombieorc2_lemuel,
          serial_gnoll_camp, gnoll_camp_mini_hut, gnoll_camp_huts_basic,
          grums_kennel, gnoll_camp_mini_doghouse, gnoll_camp_medium_02

Skill      XL: |  1  2  3  4  5  6  7  8  9 10 |
---------------+-------------------------------+-----
Fighting       | 4 |  4.1
Dodging        | 2 6 9 |  9.1
Polearms       | 2 5 7 8 10 16 | 16.0
Invocations    | 4 6 |  6.3
Stealth        | 7 10 | 10.2
Ranged Weapons | |  3.2
Throwing       | |  2.0

Action                     |  1- 3 |  4- 6 |  7- 9 | 10-12 || total
---------------------------+-------+-------+-------+-------++-------
  Melee: Dagger            |    78 |     4 |       |       ||    82
         Trident           |       |   188 |   515 |   337 ||  1040
         Tailslap          |       |     2 |       |       ||     2
         Punch             |       |       |     4 |     6 ||    10
  Throw: Dart              |     2 |     3 |    19 |    13 ||    37
 Invoke: Heroism           |       |       |     1 |     1 ||     2
    Use: Potion            |     1 |       |     8 |     1 ||    10
         Scroll            |       |       |     8 |     5 ||    13
   Stab: Sleeping          |     5 |     5 |     4 |     5 ||    19
         Distracted        |     1 |       |     1 |       ||     2
 Armour: Leather armour    |    28 |    61 |    35 |       ||   124
         Ring mail         |       |       |    60 |    53 ||   113
  Dodge: Dodged            |    37 |   127 |   326 |   193 ||   683

Table legend: (Time is in decaauts)
 A = Elapsed time spent in this place.
 B = Non-inter-level travel time spent in this place.
 C = Inter-level travel time spent in this place.
 D = Time resting spent in this place.
 E = Time spent auto-exploring this place.
 F = Levels seen in this place.
 G = Mean time per level.
                   A        B        C        D        E       F      G
               +--------+--------+--------+--------+--------+-----+--------+
         Total |  12697 |  10348 |   2349 |   3842 |   4108 |  10 | 1269.7 |
       Dungeon |  12697 |  10348 |   2349 |   3842 |   4108 |  10 | 1269.7 |
               +--------+--------+--------+--------+--------+-----+--------+

Top non-repeatable levels by time:
     D:7: 2593 daAuts
     D:8: 1771 daAuts
     D:4: 1330 daAuts
     D:3: 1262 daAuts
     D:9: 1175 daAuts
     D:6: 1153 daAuts
     D:5: 1047 daAuts
     D:1: 933 daAuts
     D:2: 841 daAuts
    D:10: 586 daAuts
